 Dungeon Crawl Stone Soup version 0.23.2 (webtiles) character file.

Game seed: 9826574401384718129

495 Fang the Skirmisher (level 7, -3/44 HPs)
             Began as a Gargoyle Berserker on Apr 2, 2019.
             Was a Priest of Trog.
             Slain by a worker ant (6 damage)
             ... on level 4 of the Dungeon.
             The game lasted 00:04:19 (3097 turns).

Fang the Skirmisher (Gargoyle Berserker)            Turns: 3097, Time: 00:04:20

Health: -3/44      AC: 10    Str: 22    XL:     7   Next: 15%
Magic:  7/7        EV: 13    Int:  8    God:    Trog [***...]
Gold:   114        SH:  0    Dex:  9    Spells: 6/6 levels left

rFire    . . .     SeeInvis .   a - +0 hand axe
rCold    . . .     Gourm    .   (no shield)
rNeg     + . .     Faith    .   b - +0 animal skin
rPois    ∞         Spirit   .   o - +2 helmet
rElec    +         Reflect  .   (no cloak)
rCorr    .         Harm     .   (no gloves)
MR       .....                  (no boots)
Stlth    +.........             i - amulet of rage
HPRegen  0.14/turn              h - +3 ring of slaying
MPRegen  0.10/turn              t - ring of flight

@: berserk cooldown, slowed, very slow
A: negative energy resistance 1, electricity resistance, unbreathing,
petrification resistance, rot immunity, AC +4
a: Berserk, Trog's Hand, Renounce Religion, Evoke Berserk Rage, Evoke Flight


You were on level 4 of the Dungeon.
You worshipped Trog.
Trog was most pleased with you.
You were very hungry.

You visited 1 branch of the dungeon, and saw 4 of its levels.

You collected 114 gold pieces.

Inventory:

Hand Weapons
 a - a +0 hand axe (weapon)
Armour
 b - a +0 animal skin (worn)
 o - a +2 helmet (worn)
Jewellery
 h - a +3 ring of slaying (left hand)
 i - an amulet of rage (around neck)
 t - a ring of flight (right hand)
Scrolls
 d - 3 scrolls of random uselessness {unknown}
 e - 4 scrolls of blinking {unknown}
 j - 4 scrolls of identify {unknown}
 k - a scroll of fear {unknown}
 l - 2 scrolls of enchant weapon {unknown}
 m - a scroll of noise {unknown}
 p - a scroll of teleportation {unknown}
 q - a scroll of remove curse {unknown}
 s - a scroll of enchant armour {unknown}
Potions
 g - 2 potions of might {unknown}
 n - 2 potions of lignification {unknown}
 r - 2 potions of heal wounds {unknown}
Comestibles
 c - 5 rations
 f - 3 chunks of flesh


   Skills:
 + Level 5.1 Fighting
 + Level 4.2 Axes
 + Level 4.4 Armour
 + Level 3.3 Dodging


You had 6 spell levels left.
You didn't know any spells.
Your spell library was empty.

Dungeon Overview and Level Annotations

Branches:
Dungeon (4/15)
 Temple: D:4-7

Altars:
Hepliaklqana
Nemelex Xobeh
Wu Jian

Annotations:
D:3 Natasha


Innate Abilities, Weirdness & Mutations

You are resistant to torment.
Your stone body is resilient. (AC +4)
You are immune to poison.
You resist negative energy. (rN+)
You are resistant to electric shocks. (rElec)
You can survive without breathing.
You are immune to petrification.
You are immune to rotting.


Message History

The hound barely misses you. The hound misses you.
The hound bites you but does no damage.
The crimson imp blinks!
The hound bites you but does no damage. x2
You hit the hound.
The hound is almost dead.
You hit the hound. You barely miss the crimson imp.
You closely miss the worker ant. The hound bites you but does no damage.
The worker ant bites you but does no damage.
The hound bites you but does no damage. The crimson imp closely misses you.
The worker ant completely misses you. The hound misses you.
The hound barely misses you. The crimson imp barely misses you.
You closely miss the hound.
The hound is almost dead.
You hit the hound. You barely miss the scorpion. You hit the crimson imp.
You hit the worker ant but do no damage.
The hound barely misses you. The hound misses you. The worker ant misses you.
The hound closely misses you.
The scorpion stings you but does no damage.
The hound barely misses you.
The crimson imp blinks!
The worker ant bites you.
You die...

. .. .#. ...
#.. .. #.#
.## #.# ....
##s##.....
..####§@.#..#
......ahh...#
######.<.#5##
##)## # #..#
#........
.....####
###...# .(.#


You could see a scorpion, 2 hounds, a worker ant and a crimson imp.

Vanquished Creatures
  Grinder (D:3)
  A hound (D:3)
  Jessica (D:3)
  Natasha (twice) (D:3)
  A hound skeleton (D:2)
  Robin (D:2)
  6 adders
  5 dart slugs
  3 leopard geckos
  3 orcs
  5 giant cockroaches
  18 goblins
  8 hobgoblins
  12 jackals
  2 ball pythons (D:3)
  11 bats
  9 frilled lizards (D:2)
  7 kobolds
  11 rats
107 creatures vanquished.

Notes
Turn   | Place    | Note
-------+----------+-------------------------------------------
     0 | D:1      | Fang the Gargoyle Berserker began the quest for the Orb.
     0 | D:1      | Reached XP level 1. HP: 14/14 MP: 1/1
   187 | D:1      | Reached XP level 2. HP: 11/19 MP: 2/2
   699 | D:1      | Reached XP level 3. HP: 23/23 MP: 3/3
   947 | D:1      | Reached ** piety under Trog
  1453 | D:2      | Reached XP level 4. HP: 19/29 MP: 4/4
  1768 | D:2      | Noticed Robin
  1782 | D:2      | Killed Robin
  1782 | D:2      | Reached skill level 4 in Fighting
  1901 | D:2      | Reached *** piety under Trog
  1995 | D:2      | Reached XP level 5. HP: 33/33 MP: 5/5
  2400 | D:3      | Noticed Natasha
  2407 | D:3      | Killed Natasha
  2442 | D:3      | Noticed Natasha
  2453 | D:3      | Killed Natasha
  2587 | D:3      | Noticed Jessica
  2590 | D:3      | Killed Jessica
  2590 | D:3      | Reached XP level 6. HP: 38/39 MP: 6/6
  2707 | D:3      | Noticed Grinder
  2718 | D:3      | Killed Grinder
  2718 | D:3      | Reached skill level 5 in Fighting
  2718 | D:3      | Reached XP level 7. HP: 44/44 MP: 7/7
  3051 | D:3      | Found a sparkling altar of Nemelex Xobeh.
  3051 | D:3      | Found an ornate altar of the Wu Jian Council.
  3052 | D:3      | Found a hazy altar of Hepliaklqana.
  3074 | D:3      | Noticed Natasha
  3088 | D:4      | HP: 2/44 [orc/+0 war axe of distortion (20)]
  3097 | D:4      | Slain by a worker ant

Skill      XL: |  1  2  3  4  5  6 |
---------------+-------------------+-----
Axes           | 3 4 |  4.2
Dodging        | 2 3 |  3.3
Armour         | 3 4 |  4.4
Fighting       | 4 5 |  5.1

Action                   |  1- 3 |  4- 6 |  7- 9 || total
-------------------------+-------+-------+-------++-------
Melee: Hand axe          |   154 |   126 |    44 ||   324
Invok: Berserk           |       |     1 |     1 ||     2
 Stab: Sleeping          |     2 |     1 |       ||     3
  Eat: Chunk             |     2 |     4 |     2 ||     8
Armor: Animal skin       |    88 |    72 |    29 ||   189
Dodge: Dodged            |   151 |    80 |    64 ||   295
